 Dungeon Crawl Stone Soup version 0.29.0-7-g18a832c13a (webtiles) character file.

Game seed: 18050976907932856978

793 LynnLen the Magician (level 7, 0/35 HPs)
             Began as a Spriggan Conjurer on Aug 30, 2022.
             Shot with an arrow by a centaur (10 damage)
             ... on level 5 of the Dungeon.
             The game lasted 00:21:13 (6958 turns).

LynnLen the Magician (Spriggan Conjurer)            Turns: 6958, Time: 00:21:13

Health: 0/35       AC:  2    Str:  3    XL:     7   Next: 57%
Magic:  16/16      EV: 18    Int: 26    God:
Gold:   301        SH:  0    Dex: 13    Spells: 6/17 levels left

rFire   . . .      SeeInvis +   A - +10 falchion of the Evening {vamp, rC++ Will- Int+4}
rCold   + + .      Faith    .   (no shield)
rNeg    . . .      Spirit   .   a - +0 robe
rPois   .          Reflect  .   (helmet restricted)
rElec   .          Harm     .   p - scarf {+Inv}
rCorr   .          Rampage  .   (gloves unavailable)
Will    .....                   (boots unavailable)
Stlth   ++........              w - amulet of magic regeneration
HPRegen 0.11/turn               (no ring)
MPRegen 0.55/turn               (no ring)

@: very quick
A: very small, no large weapons, unfitting armour, see invisible, speed 3
a: Evoke Invisibility


You were on level 5 of the Dungeon.
You visited 1 branch of the dungeon, and saw 5 of its levels.

You collected 301 gold pieces.

Inventory:

Hand Weapons
 A - the +10 falchion of the Evening (weapon) {vamp, rC++ Will- Int+4}
   (You found it on level 4 of the Dungeon)

   It occasionally heals its wielder for a portion of the damage dealt when it
   wounds a living foe.
   Int:       It affects your intelligence (+4).
   rC:        It greatly protects you from cold.
   Will:      It decreases your willpower.
Missiles
 q - a throwing net
Armour
 a - a +0 robe (worn)
 p - a scarf of invisibility (worn)
Jewellery
 l - a +6 ring of dexterity
 w - an amulet of magic regeneration (around neck)
 x - a ring of positive energy
Wands
 u - a wand of polymorph (3)
Scrolls
 e - 2 scrolls of noise {unknown}
 g - a scroll of brand weapon {unknown}
 h - 2 scrolls of immolation {unknown}
 j - a scroll of summoning {unknown}
 m - 2 scrolls of teleportation {unknown}
 n - a scroll of vulnerability {unknown}
 o - 2 scrolls of enchant armour {unknown}
 r - a scroll of poison {unknown}
 t - 2 scrolls of magic mapping {unknown}
 v - a scroll of identify
 y - a scroll of enchant weapon {unknown}
Potions
 b - a potion of magic
 c - 3 potions of resistance
 d - a potion of mutation
 i - 3 potions of curing
 k - a potion of haste
 s - 4 potions of attraction
 z - a potion of berserk rage


   Skills:
 + Level 2.0 Fighting
 + Level 4.4 Dodging
 - Level 3.0 Stealth
 + Level 5.7 Spellcasting
 + Level 4.4 Conjurations
 + Level 3.6 Hexes
 + Level 4.0 Translocations


You had 6 spell levels left.
You knew the following spells:

 Your Spells              Type           Power      Damage    Failure   Level
a - Magic Dart            Conj           100%       1d8       1%          1
b - Searing Ray           Conj           60%        2d6       1%          2
c - Fulminant Prism       Conj/Hex       14%        3d9       14%         4
d - Iskenderun's Mystic   Conj/Tloc      29%        2d7       12%         4

Your spell library contained the following spells:

 Spells                   Type           Power      Damage    Failure   Level
 Dazzling Flash           Conj/Hex       56%        N/A       4%          3
 Scorch                   Fire           14%        2d6       11%         2
 Sublimation of Blood     Necr           7%         N/A       11%         2
 Wereblood                Tmut           7%         N/A       11%         2
 Flame Wave               Conj/Fire      19%        2d7       28%         4
 Animate Dead             Necr           7%         N/A       56%         4
 Olgreb's Toxic Radiance  Pois           7%         N/A       56%         4
 Borgnjor's Vile Clutch   Necr/Erth      3%         N/A       89%         5
 Death Channel            Necr           3%         N/A       100%        6
 Summon Cactus Giant      Summ           3%         N/A       100%        6
 Ozocubu's Refrigeration  Ice            3%         4d8       100%        7
 Summon Hydra             Summ           3%         N/A       100%        7
 Ignition                 Fire           3%         3d4       100%        8


Dungeon Overview and Level Annotations

Branches:
Dungeon (5/15)
 Temple: D:4-7

Altars:

Shops:
D:1 [

Annotations:
D:5 azobrab's ghost, weakling TrFi


Innate Abilities, Weirdness & Mutations

You are very small and have problems with some larger weapons.
You are too small for most types of armour.
You have supernaturally acute eyesight. (SInv)
You cover ground extremely quickly. (Speed+++)


Message History

Aiming: Searing Ray (safe; 1% risk of failure)
Press: ? - help, Q - select action, (/) - cycle Shift-Dir - straight line, p - orc (Press . to maintain the ray.)
The searing ray hits the orc.
You kill the orc!
Unknown command.
Things that are here:
a +0 short sword; a +0 scale mail You start resting.
HP restored.
Things that are here:
a +0 scale mail; a +0 short sword
There is a stone staircase leading down here.
You climb downwards.
Level annotation: azobrab's ghost, weakling TrFi
There is a stone staircase leading up, spattered with blood here.
You see here a +0 robe.
There is a stone staircase leading up here.
The centaur shouts!
The centaur shoots an arrow.
The arrow misses you.
The centaur shoots an arrow.
The arrow completely misses you.
The centaur shoots an arrow.
The arrow closely misses you.
There is a shaft here.
Aiming: Magic Dart (safe; 1% risk of failure)
Press: ? - help, Q - select action, (/) - cycle Shift-Dir - straight line, f - centaur
Aim: a centaur, wielding a +0 shortbow (100% to hit)
The magic dart hits the centaur!
The centaur is moderately wounded.
The centaur shoots an arrow.
The arrow hits you!
The centaur shoots an arrow.
The arrow hits you!
* * * LOW HITPOINT WARNING * * *
Aiming: Magic Dart (safe; 1% risk of failure)
Press: ? - help, Q - select action, (/) - cycle Shift-Dir - straight line, f/p - centaur
Aim: a centaur, wielding a +0 shortbow (moderately wounded, 100% to hit)
The magic dart hits the centaur.
The centaur is moderately wounded.
The centaur shoots an arrow.
The arrow barely misses you.
The centaur shoots an arrow.
The arrow misses you.
The centaur shoots an arrow.
The arrow hits you!
You die...

#### #......# # ...## #......# #
....## ###.#### # .....# ###...#
######## .....#
#..)#.#########.......
.....#######.#.......†.)..)######
.[...........<.#.########### #
.....######.####.# # ....## ##.#
#.@# ...## #..# #.## #### ##.##
#.# #..# #^# #.## #.# ...
####..####.# ... #..........#
o... #.#..####c..##### .....
#...## #.#.....##)....


You could see a centaur.

Vanquished Creatures
  Sigmund (D:4)
  A wyvern (D:4)
  A black bear (D:5)
  An ogre (D:5)
  A hound (D:4)
  2 iguanas
  An orc wizard (D:5)
  Robin (D:2)
  6 gnolls (D:2)
  An adder (D:4)
  2 shadow imps
  2 worms
  3 dart slugs
  3 orcs
  8 endoplasms
  A giant cockroach (D:1)
  16 goblins
  11 hobgoblins
  8 jackals
  11 kobolds
  A quokka (D:1)
  7 ball pythons
  2 bats (D:1)
  3 frilled lizards (D:1)
  8 rats
102 creatures vanquished.

Vanquished Creatures (others)
  3 fulminant prisms (D:4)
  2 plants (D:5)
5 creatures vanquished.

Grand Total: 107 creatures vanquished

Notes
Turn   | Place    | Note
-------+----------+-------------------------------------------
     0 | D:1      | LynnLen the Spriggan Conjurer began the quest for the Orb.
     0 | D:1      | Reached XP level 1. HP: 9/9 MP: 5/5
   250 | D:1      | Reached skill level 3 in Spellcasting
   381 | D:1      | Reached XP level 2. HP: 13/13 MP: 4/7
   651 | D:1      | Learned a level 2 spell: Searing Ray
   915 | D:1      | Found Qadannur's Antique Armour Boutique.
  1270 | D:1      | Reached XP level 3. HP: 16/16 MP: 3/9
  1354 | D:2      | Found a faded altar of an unknown god.
  1838 | D:2      | Reached skill level 4 in Spellcasting
  2520 | D:2      | Noticed Robin
  2534 | D:2      | Reached XP level 4. HP: 21/21 MP: 7/11
  2546 | D:2      | Killed Robin
  2673 | D:1      | Learned a level 4 spell: Fulminant Prism
  2678 | D:1      | Learned a level 4 spell: Iskenderun's Mystic Blast
  3063 | D:2      | Reached skill level 1 in Translocations
  3142 | D:2      | Reached skill level 1 in Hexes
  3260 | D:2      | Reached XP level 5. HP: 24/24 MP: 6/12
  4697 | D:4      | Noticed Sigmund
  4716 | D:4      | Killed Sigmund
  4717 | D:4      | Reached skill level 5 in Spellcasting
  4717 | D:4      | Reached XP level 6. HP: 21/29 MP: 9/14
  5011 | D:4      | Reached skill level 1 in Fighting
  5266 | D:4      | Identified the +10 falchion of the Evening {vamp, rC++
                  | Will- Int+4}
  5387 | D:5      | Entered Level 5 of the Dungeon
  5689 | D:5      | Noticed a wyvern
  6124 | D:4      | Killed a wyvern
  6125 | D:4      | Reached XP level 7. HP: 33/33 MP: 10/16
  6505 | D:5      | Noticed azobrab's ghost (weakling TrFi)
  6506 | D:5      | Found the amulet of the Four Winds {rN+ Will+++ Clar}
  6958 | D:5      | Shot with an arrow by a centaur

Illustrated notes

Levels and vault maps discovered:
D:1:      dpeg_arrival_round_b, layout_rooms, serial_corexii_hall,
          corexii_hall_statues_x, corexii_hall_statues_i, serial_shops, shop,
          minmay_misc_feat_chi, minivault_14
D:2:      layout_basic, shapermc_ecumenical_altar_venn, uniq_robin
D:3:      layout_basic
D:4:      layout_rooms, uniq_sigmund
D:5:      layout_rooms, gammafunk_ghost_gnarly_gnolls

Skill      XL: |  1  2  3  4  5  6  7 |
---------------+----------------------+-----
Conjurations   | 3 4 |  4.4
Spellcasting   | 3 4 5 |  5.7
Translocations | 1 2 3 4 |  4.0
Hexes          | 1 2 3 |  3.6
Dodging        | 3 4 |  4.4
Fighting       | 1 2 |  2.0
Stealth        | |  3.0

Action                   |  1- 3 |  4- 6 |  7- 9 || total
-------------------------+-------+-------+-------++-------
Melee: Dagger            |     1 |     7 |       ||     8
       Falchion          |       |     1 |       ||     1
Throw: Throwing net      |       |     1 |       ||     1
 Cast: Magic Dart        |    94 |   133 |    41 ||   268
       Searing Ray       |     3 |     4 |     1 ||     8
       Fulminant Prism   |       |     3 |       ||     3
  Use: Scroll            |       |     6 |       ||     6
 Stab: Sleeping          |       |     2 |       ||     2
Armor: Robe              |     2 |     7 |     3 ||    12
Dodge: Dodged            |    22 |    27 |    13 ||    62
